 Dungeon Crawl Stone Soup version 0.31-a0-229-g1fc7ce93e2 (webtiles) character file.

Game seed: 17415942768209278238

549 qw the Shooter (level 7, -10/59 HPs)
             Began as a Minotaur Hexslinger on July 6, 2023.
             Was an Initiate of Okawaru.
             Mangled by an ogre
             ... wielding a +0 giant club
              (19 damage)
             ... on level 4 of the Dungeon.
             The game lasted 00:01:52 (3101 turns).

qw the Shooter (Minotaur Hexslinger)                Turns: 3101, Time: 00:01:53

Health: -10/59     AC:  6    Str: 13    XL:     7   Next: 7%
Magic:  7/7        EV: 11    Int: 10    God:    Okawaru [......]
Gold:   129        SH:  0    Dex: 14    Spells: 7/8 levels left

rFire   . . .        Y - +1 orcbow
rCold   . . .        (shield currently unavailable)
rNeg    . . .        e - +0 ring mail
rPois   .            (helmet restricted)
rElec   .            (no cloak)
rCorr   .            g - +0 pair of gloves
SInv    .            (no boots)
Will    .....        (no amulet)
Stlth   +            (no ring)
HPRegen 0.29/turn    (no ring)
MPRegen 0.10/turn

%: no passive effects
@: about to teleport
A: horns 2, retaliatory headbutt
a: Renounce Religion


You were on level 4 of the Dungeon.
You worshipped Okawaru.
Okawaru was noncommittal.
You visited 2 branches of the dungeon, and saw 5 of its levels.

You collected 129 gold pieces.


Innate Abilities, Weirdness & Mutations

You have a pair of horns on your head.
You reflexively headbutt those who attack you in melee.


   Skills:
 - Level 4.0 Fighting
 + Level 7.6 Ranged Weapons
 - Level 1.0 Armour
 - Level 2.1 Dodging
 - Level 1.0 Spellcasting
 - Level 2.0 Hexes


You had 7 spell levels left.
You knew the following spells:

 Your Spells              Type           Power      Damage    Failure   Level
a - Slow                  Hex            16%        N/A       32%         1

Your spell library contained the following spells:

 Spells                   Type           Power      Damage    Failure   Level
 Inner Flame              Hex/Fire       2%         N/A       82%         3
 Portal Projectile        Hex/Tloc       4%         N/A       82%         3
 Cause Fear               Hex            2%         N/A       97%         4

Inventory:

Hand Weapons
 Y - a +1 orcbow (weapon)
Armour
 e - a +0 ring mail (worn)
 g - a +0 pair of gloves (worn)
Scrolls
 h - a scroll of identify
Potions
 a - a potion of degeneration {unknown}
 c - a potion of attraction {unknown}
 f - 2 potions of curing {unknown}
 i - 2 potions of brilliance {unknown}
 k - a potion of cancellation {unknown}

Dungeon Overview and Level Annotations

Branches:
Dungeon (4/15)             Temple (1/1) D:4

Altars:
Ashenzari
Dithmenos
Gozag
Hepliaklqana
Makhleb
Okawaru
Ru
Sif Muna
Wu Jian

Shops:
D:2 *


Message History

Enter note: You shoot an arrow.
The arrow hits Natasha!
Natasha is heavily wounded.
Natasha wildly gestures.
Natasha glows brightly for a moment.
You shoot an arrow. The arrow hits Natasha!
You kill Natasha!
Okawaru accepts your kill.
Natasha screams in pain as she dies!
You see here the felid corpse of Natasha.
An ogre comes into view. It is wielding a +0 giant club.
Found a hand axe.
Enter note:
Enter note: You shoot an arrow.
The arrow hits the ogre but does no damage.
You shoot an arrow. The arrow hits the ogre.
The ogre is lightly wounded.
You shoot an arrow. The arrow hits the ogre!
The ogre is moderately wounded.
The ogre hits you with a +0 giant club!
You shoot an arrow. The arrow barely misses the ogre.
The ogre hits you with a +0 giant club!!
You shoot an arrow. The arrow hits the ogre.
The ogre is heavily wounded.
You shoot an arrow. The arrow completely misses the ogre.
The ogre hits you with a +0 giant club!
3098 ||| READING scroll of teleportation.
As you read the scroll of teleportation, it crumbles to dust.
You feel strangely unstable. The ogre barely misses you.
3099 ||| DRINKING potion of heal wounds.
You feel much better.
The ogre hits you with a +0 giant club!!
You shoot an arrow. The arrow hits the ogre.
The ogre is heavily wounded.
You shoot an arrow. The arrow hits the ogre.
The ogre is severely wounded.
The ogre hits you with a +0 giant club!!
You die...

## .# .# #######.#
.# #.O...)..
.###############@#
.................#
##################


You could see an ogre.

Vanquished Creatures
  Sigmund (D:2)
  A bullfrog (D:4)
  A scorpion (D:4)
  3 hounds
  A sleepcap (D:3)
  An iguana (D:4)
  Natasha (D:4)
  3 gnolls
  An adder (D:2)
  2 ufetubi (D:4)
  A worm (D:2)
  2 dart slugs (D:2)
  5 orcs (D:4)
  4 endoplasms
  2 giant cockroaches
  3 goblins
  5 hobgoblins
  5 jackals
  5 ball pythons
  6 bats
  4 kobolds (D:3)
  4 rats
61 creatures vanquished.

Notes
Turn   | Place    | Note
-------+----------+-------------------------------------------
     0 | D:1      | qw the Minotaur Hexslinger began the quest for the Orb.
     0 | D:1      | Reached XP level 1. HP: 16/16 MP: 1/1
     0 | D:1      | 0 ||| qw: Version: 0.3-a-46-gb1f654a
     0 | D:1      | 0 ||| qw: Game counter: 1433
     0 | D:1      | 0 ||| qw: Melee chars always use a shield: true
     0 | D:1      | 0 ||| qw: God list: Okawaru
     0 | D:1      | 0 ||| qw: Allow faded altars: false
     0 | D:1      | 0 ||| qw: Do Orc after clearing Dungeon:15 true
     0 | D:1      | 0 ||| qw: Do second Lair branch before Depths: true
     0 | D:1      | 0 ||| qw: Lair rune preference: random
     0 | D:1      | 0 ||| qw: Goals: Normal
     0 | D:1      | 0 ||| PLANNING D:1-11
    83 | D:1      | You fall into a shaft and drop 1 floor!
    84 | D:2      | 84 ||| READING scroll labelled OCHO RICYFUEX.
    90 | D:2      | Reached skill level 3 in Ranged Weapons
    90 | D:2      | 90 ||| DROPPING scroll of poison.
    91 | D:2      | 91 ||| Stepping randomly (stuck).
    92 | D:2      | 92 ||| Stepping randomly (stuck).
    93 | D:2      | 93 ||| Stepping randomly (stuck).
    94 | D:2      | 94 ||| Stepping randomly (stuck).
    95 | D:2      | 95 ||| Stepping randomly (stuck).
    96 | D:2      | 96 ||| Stepping randomly (stuck).
    97 | D:2      | 97 ||| Stepping randomly (stuck).
    98 | D:2      | 98 ||| Stepping randomly (stuck).
    99 | D:2      | 99 ||| Stepping randomly (stuck).
   100 | D:2      | 100 ||| Stepping randomly (stuck).
   101 | D:2      | 101 ||| Stepping randomly (stuck).
   102 | D:2      | 102 ||| Stepping randomly (stuck).
   103 | D:2      | 103 ||| Stepping randomly (stuck).
   104 | D:2      | 104 ||| Stepping randomly (stuck).
   105 | D:2      | 105 ||| Stepping randomly (stuck).
   106 | D:2      | 106 ||| Stepping randomly (stuck).
   107 | D:2      | 107 ||| Stepping randomly (stuck).
   108 | D:2      | 108 ||| Stepping randomly (stuck).
   109 | D:2      | 109 ||| Stepping randomly (stuck).
   110 | D:2      | 110 ||| Stepping randomly (stuck).
   111 | D:2      | 111 ||| Stepping randomly (stuck).
   112 | D:2      | 112 ||| Stepping randomly (stuck).
   113 | D:2      | 113 ||| Stepping randomly (stuck).
   114 | D:2      | 114 ||| Stepping randomly (stuck).
   115 | D:2      | 115 ||| Stepping randomly (stuck).
   116 | D:2      | 116 ||| Stepping randomly (stuck).
   117 | D:2      | 117 ||| Stepping randomly (stuck).
   118 | D:2      | 118 ||| Stepping randomly (stuck).
   119 | D:2      | 119 ||| Stepping randomly (stuck).
   120 | D:2      | 120 ||| Stepping randomly (stuck).
   121 | D:2      | 121 ||| Stepping randomly (stuck).
   122 | D:2      | 122 ||| Stepping randomly (stuck).
   123 | D:2      | 123 ||| Stepping randomly (stuck).
   124 | D:2      | 124 ||| Stepping randomly (stuck).
   125 | D:2      | 125 ||| Stepping randomly (stuck).
   126 | D:2      | 126 ||| Stepping randomly (stuck).
   127 | D:2      | 127 ||| Stepping randomly (stuck).
   128 | D:2      | 128 ||| Stepping randomly (stuck).
   129 | D:2      | 129 ||| Stepping randomly (stuck).
   130 | D:2      | 130 ||| Stepping randomly (stuck).
   131 | D:2      | 131 ||| Stepping randomly (stuck).
   132 | D:2      | 132 ||| Stepping randomly (stuck).
   133 | D:2      | 133 ||| Stepping randomly (stuck).
   134 | D:2      | 134 ||| Stepping randomly (stuck).
   135 | D:2      | 135 ||| Stepping randomly (stuck).
   136 | D:2      | 136 ||| Stepping randomly (stuck).
   137 | D:2      | 137 ||| Stepping randomly (stuck).
   138 | D:2      | 138 ||| Stepping randomly (stuck).
   139 | D:2      | 139 ||| Stepping randomly (stuck).
   140 | D:2      | 140 ||| Stepping randomly (stuck).
   141 | D:2      | 141 ||| Stepping randomly (stuck).
   142 | D:2      | 142 ||| Stepping randomly (stuck).
   143 | D:2      | 143 ||| Stepping randomly (stuck).
   144 | D:2      | 144 ||| Stepping randomly (stuck).
   145 | D:2      | 145 ||| Stepping randomly (stuck).
   146 | D:2      | 146 ||| Stepping randomly (stuck).
   147 | D:2      | 147 ||| Stepping randomly (stuck).
   148 | D:2      | 148 ||| Stepping randomly (stuck).
   149 | D:2      | 149 ||| Stepping randomly (stuck).
   150 | D:2      | 150 ||| Stepping randomly (stuck).
   152 | D:2      | 152 ||| Stepping randomly (stuck).
   153 | D:2      | 153 ||| Stepping randomly (stuck).
   154 | D:2      | 154 ||| Stepping randomly (stuck).
   155 | D:2      | 155 ||| Stepping randomly (stuck).
   156 | D:2      | 156 ||| Stepping randomly (stuck).
   157 | D:2      | 157 ||| Stepping randomly (stuck).
   158 | D:2      | 158 ||| Stepping randomly (stuck).
   159 | D:2      | 159 ||| Stepping randomly (stuck).
   160 | D:2      | 160 ||| Stepping randomly (stuck).
   161 | D:2      | 161 ||| Stepping randomly (stuck).
   162 | D:2      | 162 ||| Stepping randomly (stuck).
   163 | D:2      | 163 ||| Stepping randomly (stuck).
   164 | D:2      | 164 ||| Stepping randomly (stuck).
   165 | D:2      | 165 ||| Stepping randomly (stuck).
   166 | D:2      | 166 ||| Stepping randomly (stuck).
   167 | D:2      | 167 ||| Stepping randomly (stuck).
   168 | D:2      | 168 ||| Stepping randomly (stuck).
   169 | D:2      | 169 ||| Stepping randomly (stuck).
   170 | D:2      | 170 ||| Stepping randomly (stuck).
   171 | D:2      | 171 ||| Stepping randomly (stuck).
   172 | D:2      | 172 ||| Stepping randomly (stuck).
   173 | D:2      | 173 ||| Stepping randomly (stuck).
   174 | D:2      | 174 ||| Stepping randomly (stuck).
   175 | D:2      | 175 ||| Stepping randomly (stuck).
   176 | D:2      | 176 ||| Stepping randomly (stuck).
   177 | D:2      | 177 ||| Stepping randomly (stuck).
   178 | D:2      | 178 ||| Stepping randomly (stuck).
   179 | D:2      | 179 ||| Stepping randomly (stuck).
   180 | D:2      | 180 ||| Stepping randomly (stuck).
   181 | D:2      | 181 ||| Stepping randomly (stuck).
   182 | D:2      | 182 ||| Stepping randomly (stuck).
   183 | D:2      | 183 ||| Stepping randomly (stuck).
   184 | D:2      | 184 ||| Stepping randomly (stuck).
   185 | D:2      | 185 ||| Stepping randomly (stuck).
   186 | D:2      | 186 ||| Stepping randomly (stuck).
   187 | D:2      | 187 ||| Stepping randomly (stuck).
   188 | D:2      | 188 ||| Stepping randomly (stuck).
   189 | D:2      | 189 ||| Stepping randomly (stuck).
   190 | D:2      | 190 ||| Stepping randomly (stuck).
   191 | D:2      | 191 ||| Stepping randomly (stuck).
   192 | D:2      | 192 ||| Stepping randomly (stuck).
   193 | D:2      | 193 ||| Stepping randomly (stuck).
   194 | D:2      | 194 ||| Stepping randomly (stuck).
   195 | D:2      | 195 ||| Stepping randomly (stuck).
   197 | D:2      | 197 ||| Stepping randomly (stuck).
   198 | D:2      | 198 ||| Stepping randomly (stuck).
   199 | D:2      | 199 ||| Stepping randomly (stuck).
   200 | D:2      | 200 ||| Stepping randomly (stuck).
   201 | D:2      | 201 ||| Stepping randomly (stuck).
   202 | D:2      | 202 ||| Stepping randomly (stuck).
   203 | D:2      | 203 ||| Stepping randomly (stuck).
   204 | D:2      | 204 ||| Stepping randomly (stuck).
   205 | D:2      | 205 ||| Stepping randomly (stuck).
   206 | D:2      | 206 ||| Stepping randomly (stuck).
   207 | D:2      | 207 ||| Stepping randomly (stuck).
   208 | D:2      | 208 ||| Stepping randomly (stuck).
   209 | D:2      | 209 ||| Stepping randomly (stuck).
   210 | D:2      | 210 ||| Stepping randomly (stuck).
   211 | D:2      | 211 ||| Stepping randomly (stuck).
   212 | D:2      | 212 ||| Stepping randomly (stuck).
   213 | D:2      | 213 ||| Stepping randomly (stuck).
   214 | D:2      | 214 ||| Stepping randomly (stuck).
   215 | D:2      | 215 ||| Stepping randomly (stuck).
   216 | D:2      | 216 ||| Stepping randomly (stuck).
   217 | D:2      | 217 ||| Stepping randomly (stuck).
   218 | D:2      | 218 ||| Stepping randomly (stuck).
   219 | D:2      | 219 ||| Stepping randomly (stuck).
   220 | D:2      | 220 ||| Stepping randomly (stuck).
   221 | D:2      | 221 ||| Stepping randomly (stuck).
   222 | D:2      | 222 ||| Stepping randomly (stuck).
   223 | D:2      | 223 ||| Stepping randomly (stuck).
   224 | D:2      | 224 ||| Stepping randomly (stuck).
   225 | D:2      | 225 ||| Stepping randomly (stuck).
   226 | D:2      | 226 ||| Stepping randomly (stuck).
   227 | D:2      | 227 ||| Stepping randomly (stuck).
   228 | D:2      | 228 ||| Stepping randomly (stuck).
   229 | D:2      | 229 ||| Stepping randomly (stuck).
   230 | D:2      | 230 ||| Stepping randomly (stuck).
   231 | D:2      | 231 ||| Stepping randomly (stuck).
   232 | D:2      | 232 ||| Stepping randomly (stuck).
   233 | D:2      | 233 ||| Stepping randomly (stuck).
   234 | D:2      | 234 ||| Stepping randomly (stuck).
   235 | D:2      | 235 ||| Stepping randomly (stuck).
   236 | D:2      | 236 ||| Stepping randomly (stuck).
   237 | D:2      | 237 ||| Stepping randomly (stuck).
   238 | D:2      | 238 ||| Stepping randomly (stuck).
   239 | D:2      | 239 ||| Stepping randomly (stuck).
   240 | D:2      | 240 ||| Stepping randomly (stuck).
   241 | D:2      | 241 ||| Stepping randomly (stuck).
   242 | D:2      | 242 ||| Stepping randomly (stuck).
   243 | D:2      | 243 ||| Stepping randomly (stuck).
   244 | D:2      | 244 ||| Stepping randomly (stuck).
   245 | D:2      | 245 ||| Stepping randomly (stuck).
   246 | D:2      | 246 ||| Stepping randomly (stuck).
   247 | D:2      | 247 ||| Stepping randomly (stuck).
   248 | D:2      | 248 ||| Stepping randomly (stuck).
   249 | D:2      | 249 ||| Stepping randomly (stuck).
   250 | D:2      | 250 ||| Stepping randomly (stuck).
   251 | D:2      | 251 ||| Stepping randomly (stuck).
   252 | D:2      | 252 ||| Stepping randomly (stuck).
   253 | D:2      | 253 ||| Stepping randomly (stuck).
   254 | D:2      | 254 ||| Stepping randomly (stuck).
   255 | D:2      | 255 ||| Stepping randomly (stuck).
   256 | D:2      | 256 ||| Stepping randomly (stuck).
   257 | D:2      | 257 ||| Stepping randomly (stuck).
   258 | D:2      | 258 ||| Stepping randomly (stuck).
   259 | D:2      | 259 ||| Stepping randomly (stuck).
   260 | D:2      | 260 ||| Stepping randomly (stuck).
   261 | D:2      | 261 ||| Stepping randomly (stuck).
   262 | D:2      | 262 ||| Stepping randomly (stuck).
   263 | D:2      | 263 ||| Stepping randomly (stuck).
   277 | D:2      | Reached XP level 2. HP: 22/23 MP: 2/2
   291 | D:2      | 291 ||| SWAPPING to +0 orcbow.
   369 | D:2      | 369 ||| DROPPING +1 sling.
   393 | D:2      | 393 ||| READING 2 scrolls labelled GEPUEN AH FYTEA.
   394 | D:2      | 394 ||| READING scroll labelled EGOICL OTYIPYR.
   395 | D:2      | 395 ||| DROPPING scroll of blinking.
   529 | D:1      | Reached XP level 3. HP: 30/30 MP: 3/3
   849 | D:1      | 849 ||| UPGRADING to +0 ring mail.
   859 | D:1      | 859 ||| DROPPING +0 robe.
   860 | D:1      | 860 ||| READING scroll labelled MICRIHEPNI.
   909 | D:2      | Found Noaposut's General Store.
   912 | D:2      | Noticed Sigmund
   927 | D:2      | Killed Sigmund
   928 | D:2      | Reached skill level 5 in Ranged Weapons
   928 | D:2      | Reached XP level 4. HP: 13/37 MP: 4/4
   928 | D:2      | Reached XP level 5. HP: 15/42 MP: 5/5
  1032 | D:2      | 1032 ||| SHOPLISTING potion of curing (42 gold, have 39).
  1032 | D:2      | 1032 ||| SHOPLISTING ring "Ulirgh" {Fire rCorr Str+2 Dex-3
                  | SInv} (555 gold, have 39).
  1314 | D:2      | 1314 ||| READING scroll labelled WASAOL PESILY.
  1315 | D:2      | 1315 ||| READING scroll labelled QANUDO SUVA.
  1316 | D:2      | 1316 ||| DRINKING 2 black potions.
  1328 | D:3      | 1328 ||| STAIRDANCE
  1331 | D:2      | Reached skill level 1 in Armour
  1383 | D:3      | 1383 ||| STAIRDANCE
  1458 | D:3      | 1458 ||| STAIRDANCE
  1531 | D:3      | Reached skill level 3 in Fighting
  1610 | D:3      | Reached skill level 6 in Ranged Weapons
  1747 | D:3      | Reached XP level 6. HP: 19/52 MP: 6/6
  2330 | D:3      | 2330 ||| UPGRADING to +0 pair of gloves.
  2335 | D:3      | 2335 ||| READING scroll labelled IHYLIOCEOQE.
  2336 | D:3      | 2336 ||| READING 3 scrolls labelled CYTHRYI GEATOM.
  2424 | D:3      | 2424 ||| DROPPING 2 scrolls of torment.
  2710 | D:4      | 2710 ||| Stepping ~*~*~tactically~*~*~ (outnumbered).
  2724 | D:4      | 2724 ||| FLEEEEING.
  2725 | D:4      | 2725 ||| FLEEEEING.
  2726 | D:4      | 2726 ||| FLEEEEING.
  2727 | D:4      | 2727 ||| FLEEEEING.
  2728 | D:4      | 2728 ||| FLEEEEING.
  2729 | D:4      | 2729 ||| FLEEEEING.
  2730 | D:4      | 2730 ||| FLEEEEING.
  2731 | D:4      | 2731 ||| FLEEEEING.
  2732 | D:4      | 2732 ||| FLEEEEING.
  2733 | D:4      | 2733 ||| FLEEEEING.
  2734 | D:4      | 2734 ||| FLEEEEING.
  2735 | D:4      | 2735 ||| FLEEEEING.
  2736 | D:4      | 2736 ||| FLEEEEING.
  2737 | D:4      | 2737 ||| FLEEEEING.
  2738 | D:4      | 2738 ||| FLEEEEING.
  2739 | D:4      | 2739 ||| FLEEEEING.
  2740 | D:4      | 2740 ||| FLEEEEING.
  2741 | D:4      | 2741 ||| FLEEEEING.
  2742 | D:4      | 2742 ||| FLEEEEING.
  2743 | D:4      | 2743 ||| FLEEEEING.
  2744 | D:4      | 2744 ||| FLEEEEING.
  2745 | D:4      | 2745 ||| FLEEEEING.
  2746 | D:4      | 2746 ||| FLEEEEING.
  2747 | D:4      | 2747 ||| FLEEEEING.
  2748 | D:4      | 2748 ||| FLEEEEING.
  2749 | D:4      | 2749 ||| FLEEEEING.
  2800 | D:4      | Found a staircase to the Ecumenical Temple.
  2801 | D:4      | 2801 ||| PLANNING TEMPLE
  2801 | D:4      | 2801 ||| DROPPING ring of wizardry.
  2802 | D:4      | 2802 ||| READING scroll labelled AHE POXOCVO.
  2810 | D:4      | Reached skill level 7 in Ranged Weapons
  2827 | Temple   | Entered the Ecumenical Temple
  2867 | Temple   | 2867 ||| PLANNING OKAWARU WORSHIP
  2941 | Temple   | Became a worshipper of Warmaster Okawaru
  2942 | Temple   | 2942 ||| PLANNING D:1-11
  3000 | D:4      | Reached XP level 7. HP: 50/59 MP: 7/7
  3061 | D:4      | Noticed Natasha
  3063 | D:4      | Killed Natasha
  3097 | D:4      | HP: 4/59 [ogre/+0 giant club (15)]
  3098 | D:4      | 3098 ||| READING scroll of teleportation.
  3099 | D:4      | 3099 ||| DRINKING potion of heal wounds.
  3101 | D:4      | Mangled by an ogre

Levels and vault maps discovered:
D:1:      onia_arrival_pyramid, layout_basic, kennysheep_nondescript
D:2:      layout_rooms, serial_shops, shop, roderic_nine_men_s_morris,
          uniq_sigmund
D:3:      layout_basic, hellmonk_no_cap
D:4:      layout_loops_ring, mainiacjoe_overflow_alcove_4, marbit_many_paths,
          minmay_temple_entry_arrows, uniq_natasha, uniq_menkaure
Temple:   kb_temple_of_zot

Skill      XL: |  1  2  3  4  5  6 |
---------------+-------------------+-----
Ranged Weapons | 3 5 6 7 |  7.6
Fighting       | 2 4 |  4.0
Armour         | 1 |  1.0
Dodging        | |  2.1
Spellcasting   | |  1.0
Hexes          | |  2.0

Action                     |  1- 3 |  4- 6 |  7- 9 || total
---------------------------+-------+-------+-------++-------
   Fire: Sling             |    16 |       |       ||    16
         Orcbow            |    51 |   133 |    11 ||   195
    Use: Scroll            |     4 |     5 |     1 ||    10
         Potion            |       |     1 |     1 ||     2
 Armour: Robe              |     7 |       |       ||     7
         Ring mail         |     2 |    42 |       ||    44
  Dodge: Dodged            |    21 |    86 |     2 ||   109

Table legend:
 A = Non-vault XP
 B = Vault XP
 C = Vault XP percentage of total XP
 D = Non-vault monster count
 E = Vault monster count
 F = Vault count percentage of total count
                 A         B        C        D         E       F
            +---------+---------+-------+---------+---------+-------
      Total |     451 |     334 |  42.5 |      55 |       6 |   9.8
            +---------+---------+-------+---------+---------+-------
        D:1 |      23 |       0 |   0.0 |      14 |       0 |   0.0
        D:2 |      55 |     214 |  79.6 |      14 |       1 |   6.7
        D:3 |      47 |      85 |  64.4 |      13 |       4 |  23.5
        D:4 |     326 |      35 |   9.7 |      14 |       1 |   6.7
            +---------+---------+-------+---------+---------+-------
